[Event "SVK Extraliga 2017-18"]
[Site "Slovakia"]
[Date "2017.12.09"]
[Round "5"]
[White "Jacko, Vladimir"]
[Black "Salai, Ladislav"]
[Result "0-1"]
[ECO "B33"]
[WhiteElo "2317"]
[BlackElo "2339"]
[Annotator "NA"]
[PlyCount "86"]
[EventDate "2017.??.??"]
[EventType "team-tourn"]
[EventCountry "SVK"]
[SourceTitle "playchess.com"]
[Source "ChessBase"]
[SourceQuality "1"]
[TimeControl "40/5400+30:1800+30"]

1. e4 c5 2. Nf3 Nc6 3. d4 cxd4 4. Nxd4 Nf6 5. Nc3 e5 6. Ndb5 d6 7. Bg5 a6 8. Na3 b5 9. Nd5 Be7 10. Bxf6 Bxf6 11. c4 bxc4 12. Bxc4 O-O 13. O-O Bg5 14. Nc2 Kh8 15. Nce3 g6 16. Kh1 Be6 17. Rc1 Rb8 18. b3 Bxd5 19. Bxd5 Ne7 20. Bc4 Qb6 21. Qd3 f5 22. exf5 Bxe3 23. fxe3 gxf5 24. Rcd1 Rf6 25. Bxa6 d5 26. Qc3 Qxa6 27. Qxe5 Qd6 28. Qb2 Rb4 29. a3 Re4 30. b4 Qe5 31. Qxe5 Rxe5 32. Rd3 Rfe6 33. b5 Rxe3 34. Rxe3 Rxe3 35. Ra1 d4 36. Kg1 Nd5 37. a4 Rb3 38. Kf2 Kg7 39. Rd1 Rb4 40. Ra1 Nc3 41. a5 Rb2+ 42. Kf3 Ne4 43. Kf4 Kf6 0-1

[Event "SVK Extraliga 2017-18"]
[Site "Slovakia"]
[Date "2017.12.09"]
[Round "5"]
[White "Krak, Tomas"]
[Black "Holtman, Teodor"]
[Result "0-1"]
[ECO "A80"]
[WhiteElo "2312"]
[BlackElo "2296"]
[Annotator "NA"]
[PlyCount "83"]
[EventDate "2017.??.??"]
[EventType "team-tourn"]
[EventCountry "SVK"]
[SourceTitle "playchess.com"]
[Source "ChessBase"]
[SourceQuality "1"]
[TimeControl "40/5400+30:1800+30"]

1. d4 f5 2. Nc3 d5 3. Bg5 c6 4. e3 g6 5. Nf3 Nd7 6. h4 Ngf6 7. h5 Nxh5 8. Rxh5 gxh5 9. Nh4 Nf6 10. Bxf6 exf6 11. Qxh5+ Kd7 12. O-O-O Kc7 13. Bd3 Bb4 14. Ne2 Bd7 15. Bxf5 Qe7 16. Rh1 Rag8 17. Qf3 Bxf5 18. Qxf5 Bd6 19. Rh3 Rg5 20. Qf3 Qe6 21. Nf4 Bxf4 22. Qxf4+ Kb6 23. e4 dxe4 24. Ra3 Ra5 25. Rb3+ Rb5 26. Ra3 Qd5 27. Qxf6 Qg5+ 28. Qxg5 Rxg5 29. Re3 Rf8 30. Re2 Rg4 31. g3 e3 32. fxe3 Rxg3 33. e4 Rf4 34. Nf5 Rgg4 35. Nd6 Kc7 36. e5 Rxd4 37. c3 Rdf4 38. Rh2 Rh4 39. Rg2 Rfg4 40. Rf2 Rf4 41. Rg2 c5 42. Rd2 0-1

[Event "SVK Extraliga 2017-18"]
[Site "Slovakia"]
[Date "2017.12.09"]
[Round "5"]
[White "Jablonicky, Martin"]
[Black "Vojtek, Vladimir"]
[Result "1-0"]
[ECO "C00"]
[WhiteElo "2302"]
[BlackElo "2293"]
[Annotator "NA"]
[PlyCount "95"]
[EventDate "2017.??.??"]
[EventType "team-tourn"]
[EventCountry "SVK"]
[SourceTitle "playchess.com"]
[Source "ChessBase"]
[SourceQuality "1"]
[TimeControl "40/5400+30:1800+30"]

1. e4 e6 2. d4 d5 3. Bd3 c5 4. exd5 exd5 5. dxc5 Bxc5 6. Nf3 Nf6 7. O-O O-O 8. Nc3 h6 9. h3 Nc6 10. Bf4 {[%emt 0:01:10] C01: French: Exchange Variation} Be6 11. a3 {[%emt 0:13:31] LiveBook: 4 Games} d4 $146 ({Predecessor:} 11... a5 12. Re1 Re8 13. Nb5 Rc8 14. Be3 Bf8 15. c3 Ne4 16. Nbd4 Bd7 17. Rc1 Qf6 {½-½ (49) Mirzoev,A (2510)-Chigaev,M (2337) St Petersburg 2011}) 12. Ne4 Nxe4 13. Bxe4 Bd5 14. Bxd5 Qxd5 15. b4 Be7 16. Qd3 b5 17. Rad1 Rfd8 18. c3 Bf6 19. Be3 a5 20. Nxd4 axb4 21. axb4 Bxd4 22. Bxd4 Nxd4 23. Qxd4 Qxd4 24. Rxd4 Rxd4 25. cxd4 Ra4 26. Rb1 Kf8 27. Kf1 Ke7 28. Ke2 Kd6 29. Rb3 f5 30. g4 Ra2+ 31. Ke3 f4+ 32. Kxf4 Rxf2+ 33. Ke4 Re2+ 34. Re3 Rf2 35. Ra3 Re2+ 36. Kd3 Rh2 37. Ra7 Rxh3+ 38. Ke4 Rb3 39. Rxg7 Rxb4 40. Rg6+ Ke7 41. Rxh6 Rb1 42. Kd5 Rg1 43. Rh7+ Kd8 44. Kd6 Kc8 $2 {[%emt 0:00:00] [#]} (44... Ke8 $16) 45. Kc6 $1 Kb8 46. Rb7+ $18 Ka8 47. Rg7 Kb8 48. Kxb5 1-0

[Event "SVK Extraliga 2017-18"]
[Site "Slovakia"]
[Date "2017.12.09"]
[Round "5"]
[White "Schwarz, Dusan"]
[Black "Kantorik, Marian"]
[Result "0-1"]
[ECO "A65"]
[WhiteElo "2284"]
[BlackElo "2298"]
[Annotator "NA"]
[PlyCount "68"]
[EventDate "2017.??.??"]
[EventType "team-tourn"]
[EventCountry "SVK"]
[SourceTitle "playchess.com"]
[Source "ChessBase"]
[SourceQuality "1"]
[TimeControl "40/5400+30:1800+30"]

1. d4 Nf6 2. c4 e6 3. Nc3 c5 4. d5 exd5 5. cxd5 d6 6. e4 g6 7. Nge2 Bg7 8. Ng3 O-O 9. Be2 b6 10. O-O Ba6 11. Bg5 Bxe2 12. Qxe2 Nbd7 13. Rae1 a6 14. a4 (14. f4 $5 ) 14... Re8 15. Qd2 Qc7 16. Bh6 Bh8 17. h3 c4 18. f4 b5 19. axb5 axb5 20. Kh1 b4 21. Nd1 Qc5 22. f5 Ra2 23. fxg6 hxg6 24. Qc1 Ne5 25. Be3 Qa5 $17 (25... Nd3 $19 {is more deadly.} 26. Bxc5 Nxc1 27. Bxd6 Nd3) 26. Nf2 Nfd7 27. Ne2 Nc5 28. Bxc5 Qxc5 29. Rd1 c3 30. Nf4 cxb2 31. Qb1 b3 32. N2d3 Qc2 33. Nb4 Qxb1 34. Rxb1 Nc4 0-1

[Event "SVK Extraliga 2017-18"]
[Site "Slovakia"]
[Date "2017.12.09"]
[Round "5"]
[White "Zambor, Norbert"]
[Black "Fiacan, Robert"]
[Result "1-0"]
[ECO "C50"]
[WhiteElo "2284"]
[BlackElo "2229"]
[Annotator "NA"]
[PlyCount "148"]
[EventDate "2017.??.??"]
[EventType "team-tourn"]
[EventCountry "SVK"]
[SourceTitle "playchess.com"]
[Source "ChessBase"]
[SourceQuality "1"]
[TimeControl "40/5400+30:1800+30"]

1. e4 e5 2. Nf3 Nc6 3. Bc4 Bc5 4. O-O Nf6 5. d3 d6 6. c3 O-O 7. b4 Bb6 8. Bg5 Be6 9. a4 a5 10. b5 Bxc4 11. bxc6 Ba6 12. cxb7 Bxb7 13. c4 h6 14. Be3 c6 15. Bxb6 Qxb6 16. Nbd2 Rfe8 17. Rb1 Qa7 18. Qb3 Rab8 19. Qc3 Ba8 20. c5 dxc5 21. Nxe5 Rb4 22. Ndc4 Qc7 23. f4 Bb7 24. Ne3 Nd7 25. Nxd7 Qxd7 26. Nf5 f6 27. Rbd1 g6 28. Ne3 Qd4 29. Qxd4 cxd4 30. Nc4 Rxa4 31. Nb6 Rb4 32. Nd7 Kf7 33. Rb1 Rb5 34. Rfc1 Ke7 35. Nc5 Rb8 36. Ra1 Kd6 37. e5+ fxe5 38. fxe5+ Kd5 39. Ne4 Kxe5 40. Nd2 Kd5 41. Nc4 Re8 42. Ra2 Bc8 43. Nxa5 Bd7 44. Nc4 Bf5 45. Ra7 Re2 46. Ra8 c5 47. Ra3 Rb4 48. Kf1 Re6 49. Nd2 Re3 50. Ra5 Bxd3+ 51. Kg1 Rb5 52. Ra8 Re2 53. Rd8+ Kc6 54. Nf3 Kb7 55. Rd7+ Kb6 56. Rd6+ Ka5 57. Rd5 Kb4 58. Ne5 Rxg2+ 59. Kxg2 Be4+ 60. Kf2 Bxd5 61. Nd3+ Ka3 62. Nxc5 Rb2+ 63. Kg3 Rg2+ 64. Kf4 Rxh2 65. Ke5 Rh5+ 66. Kxd4 Rf5 67. Rc3+ Kb4 68. Nd3+ Ka4 69. Nb2+ Kb5 70. Rc5+ Kb4 71. Nd3+ Kb3 72. Rb5+ Kc2 73. Rb2+ Kd1 74. Kc3 Bf7 1-0

[Event "SVK Extraliga 2017-18"]
[Site "Slovakia"]
[Date "2017.12.09"]
[Round "5"]
[White "Istona, Martin"]
[Black "Bombek, Peter"]
[Result "1/2-1/2"]
[ECO "C02"]
[WhiteElo "2277"]
[BlackElo "2252"]
[Annotator "NA"]
[PlyCount "124"]
[EventDate "2017.??.??"]
[EventType "team-tourn"]
[EventCountry "SVK"]
[SourceTitle "playchess.com"]
[Source "ChessBase"]
[SourceQuality "1"]
[TimeControl "40/5400+30:1800+30"]

1. e4 e6 2. d4 d5 3. e5 c5 4. c3 Bd7 5. Nf3 Nc6 6. Be2 Nge7 7. Na3 cxd4 8. cxd4 Nf5 9. Nc2 Qb6 10. O-O Rc8 11. Rb1 a5 12. b3 Be7 13. a3 Na7 14. b4 Ba4 15. Bd3 axb4 16. axb4 Nb5 17. Bb2 O-O 18. Qd2 Bxc2 19. Bxc2 Rc4 20. Bd3 Rxb4 21. Bc3 (21. h4 $15) 21... Nxc3 22. Qxc3 Nxd4 23. Nxd4 Qxd4 24. Qxd4 Rxd4 25. Rxb7 Rxd3 26. Rxe7 Rc8 27. g3 Rdc3 28. Rb1 Rc1+ 29. Rxc1 Rxc1+ 30. Kg2 g5 31. f4 Rc2+ 32. Kh3 gxf4 33. gxf4 Kg7 34. Kg3 Kg6 35. Rd7 Rc3+ 36. Kg2 h5 37. Kf2 Rd3 38. Re7 h4 39. Kg2 d4 40. Rd7 Rd2+ 41. Kh3 d3 42. Kxh4 Rxh2+ 43. Kg3 Rd2 44. Kf3 Rd1 45. Ke3 Re1+ 46. Kf3 Ra1 47. Rxd3 Kf5 48. Rd7 Ra3+ 49. Ke2 Kxf4 50. Rxf7+ Kxe5 51. Rb7 $11 Kf5 52. Rb5+ e5 53. Rb4 Ke6 54. Rh4 Kd5 55. Rg4 Ra2+ 56. Ke3 Rh2 57. Ra4 Rh3+ 58. Ke2 Ke6 59. Rb4 Kf5 60. Ra4 Rb3 61. Rc4 e4 62. Rc8 Kf4 1/2-1/2

[Event "SVK Extraliga 2017-18"]
[Site "Slovakia"]
[Date "2017.12.09"]
[Round "5"]
[White "Franzen, Jozef"]
[Black "Zatko, Gregor"]
[Result "1-0"]
[ECO "A04"]
[WhiteElo "2261"]
[BlackElo "2167"]
[Annotator "NA"]
[PlyCount "61"]
[EventDate "2017.??.??"]
[EventType "team-tourn"]
[EventCountry "SVK"]
[SourceTitle "playchess.com"]
[Source "ChessBase"]
[SourceQuality "1"]
[TimeControl "40/5400+30:1800+30"]

1. Nf3 d6 2. d4 Nd7 3. e4 g6 4. c4 Bg7 5. Nc3 e5 6. g3 Ne7 7. Bg2 O-O 8. O-O exd4 9. Nxd4 Ne5 10. b3 N7c6 11. Nxc6 {[%emt 0:07:58] A42: Moderne Verteidigung (mit c2-c4/ohne Sf6)} bxc6 (11... Nxc6 12. Bb2 Be6 13. Qd2 Nd4 14. Rae1 Bh3 15. Nd5 Bxg2 16. Kxg2 Ne6 17. f4 Nc5 18. Bxg7 Kxg7 19. Qc3+ f6 20. e5 {1-0 (20) Solak,D (2568)-Vajda,L (2564) Predeal 2007}) 12. Bb2 {[%emt 0:03:47] LiveBook: 5 Games} Rb8 13. Qe2 Re8 $146 ({Vorgänger:} 13... f5 14. f4 Ng4 15. Rad1 fxe4 16. Bxe4 c5 17. h3 Nf6 18. Bg2 Re8 {1-0 (35) Horvath,A (2330)-Beszterczey,L (2077) Budapest 2005}) 14. f4 Nd7 15. Rae1 Nc5 16. Qd2 Bd7 17. Re3 Re7 18. Nd1 Qf8 19. b4 Na4 20. Bxg7 Qxg7 21. Ra3 c5 22. b5 Nb6 23. Ne3 f5 24. exf5 Bxf5 25. Nxf5 gxf5 26. Bd5+ Kh8 27. Rxa7 Rbe8 28. Rf2 c6 29. Rxe7 Rxe7 30. bxc6 Na4 31. Qa5 1-0

[Event "SVK Extraliga 2017-18"]
[Site "Slovakia"]
[Date "2017.12.09"]
[Round "5"]
[White "Takacs, Laszlo"]
[Black "Koloditsova, Renata"]
[Result "1-0"]
[ECO "B11"]
[WhiteElo "2257"]
[BlackElo "2002"]
[Annotator "NA"]
[PlyCount "78"]
[EventDate "2017.??.??"]
[EventType "team-tourn"]
[EventCountry "SVK"]
[SourceTitle "playchess.com"]
[Source "ChessBase"]
[SourceQuality "1"]
[TimeControl "40/5400+30:1800+30"]

1. e4 c6 2. Nc3 d5 3. Nf3 Bg4 4. h3 Bxf3 5. Qxf3 e6 6. Be2 Nf6 {[%emt 0:22:16] B11: Caro-Kann: Two Knights Variation} (6... g6 7. d4 Bg7 8. Be3 Ne7 9. h4 h5 10. O-O-O Nd7 11. Bg5 Qb6 12. exd5 cxd5 13. Rhe1 Bh6 14. Bxh6 Rxh6 {½-½ (23) Ragger,M (2644)-Jobava,B (2712) Austria 2017}) 7. O-O {[%emt 0:02:12] LiveBook: 107 Games} Bd6 8. d4 dxe4 9. Nxe4 Nxe4 10. Qxe4 Nd7 11. Bf3 O-O 12. Re1 $146 ({Predecessor:} 12. Rd1 Re8 13. c4 a5 14. Be3 a4 15. a3 Qa5 {½-½ (68) Diakonova,E (1987)-Pogosian,M (2399) Tula 2014}) 12... Qa5 13. c3 Rfe8 14. g3 e5 15. Bg2 exd4 16. Qxe8+ Rxe8 17. Rxe8+ Nf8 18. cxd4 h6 19. Re2 Ne6 20. Be3 Nc7 21. a3 Qb5 $14 22. Rae1 Qd3 23. Bf4 Qg6 24. Be4 Qf6 25. Be5 Bxe5 26. dxe5 Qe6 27. Rd1 g6 28. Kg2 Qb3 29. Rd6 Ne6 30. Re3 Qa2 31. b4 Kg7 32. Rd7 Ng5 33. Bf3 b6 34. h4 Qe6 35. Rxa7 Qh3+ 36. Kg1 Ne6 37. Bxc6 g5 38. Bg2 Qg4 39. Bf3 Kf8 1-0

[Event "SVK Extraliga 2017-18"]
[Site "Slovakia"]
[Date "2017.12.09"]
[Round "5"]
[White "Kamody, Mario"]
[Black "Kostolansky, Sebastian Lukas"]
[Result "1/2-1/2"]
[ECO "A20"]
[WhiteElo "2254"]
[BlackElo "2226"]
[Annotator "NA"]
[PlyCount "105"]
[EventDate "2017.??.??"]
[EventType "team-tourn"]
[EventCountry "SVK"]
[SourceTitle "playchess.com"]
[Source "ChessBase"]
[SourceQuality "1"]
[TimeControl "40/5400+30:1800+30"]

1. c4 e5 2. g3 Nf6 3. Bg2 d5 4. cxd5 Nxd5 5. Nf3 Nc6 6. O-O Be7 7. b3 O-O 8. Bb2 f6 9. d4 exd4 10. Nxd4 Nxd4 11. Qxd4 Be6 12. Rd1 Nb4 13. Nc3 Qxd4 14. Rxd4 $11 c6 15. Rad1 Rfd8 16. Be4 Rxd4 17. Rxd4 Rd8 18. Rxd8+ Bxd8 19. Bb1 a5 20. Kg2 Kf7 21. f4 f5 22. e4 g6 23. Kf2 Bb6+ 24. Ke2 Bd4 25. Na4 Bxb2 26. Nxb2 fxe4 27. Na4 Bg4+ 28. Kd2 Bf5 29. Ke1 Nd5 30. a3 b5 31. Nc5 Nc3 32. Bc2 e3 33. Bxf5 gxf5 34. a4 Ke7 35. Nb7 bxa4 36. bxa4 Ke6 37. Nxa5 Kd5 38. g4 fxg4 39. f5 h5 40. f6 Ke6 41. Nxc6 Nxa4 42. Ke2 Kxf6 43. Kxe3 Kg5 44. Ne5 Nc5 45. Kf2 Kf5 46. Nc6 Kf4 47. Kg2 Ne4 48. h3 g3 49. Nd4 h4 50. Nf3 Ng5 51. Nxh4 Nxh3 52. Kxh3 g2 53. Nxg2+ 1/2-1/2

[Event "SVK Extraliga 2017-18"]
[Site "Slovakia"]
[Date "2017.12.09"]
[Round "5"]
[White "Zvarik, Martin"]
[Black "Gasa, Andrej"]
[Result "1-0"]
[ECO "A45"]
[WhiteElo "2254"]
[BlackElo "2271"]
[Annotator "NA"]
[PlyCount "123"]
[EventDate "2017.??.??"]
[EventType "team-tourn"]
[EventCountry "SVK"]
[SourceTitle "playchess.com"]
[Source "ChessBase"]
[SourceQuality "1"]
[TimeControl "40/5400+30:1800+30"]

1. d4 Nf6 2. Bg5 Ne4 3. Bh4 d5 4. f3 Nf6 5. Nd2 {[%emt 0:01:07] A45: Trompowsky Attack} e6 6. c3 Be7 $146 ({Predecessor:} 6... c5 7. e3 Be7 8. Bd3 Nbd7 9. f4 b6 10. Qf3 Bb7 11. Ne2 a5 12. Bxf6 Bxf6 {0-1 (47) Chepukaitis,G (2417)-Shaposhnikov,E (2525) St Petersburg 2001}) 7. e4 a6 8. Bd3 c5 9. dxc5 dxe4 10. Bxf6 gxf6 11. Nxe4 f5 12. Qa4+ (12. Nd6+ $1 $14 Bxd6 13. cxd6) 12... Nc6 (12... Nd7 $11 13. Nd6+ Kf8) 13. Nd6+ $1 Bxd6 14. cxd6 Qxd6 15. O-O-O Qe7 16. Nh3 Bd7 17. Rhe1 Qf6 18. Qf4 O-O-O 19. g4 Qh4 20. Ng5 $2 {[%emt 0:07:27] [#]} (20. Bf1 $11 {and White has nothing to worry.}) 20... Be8 $2 (20... Rhf8 $1 $17 21. Bc4 e5) 21. Nxe6 fxe6 22. Rxe6 Rf8 (22... Bd7 $1 $11 23. Bxf5 Qf2) 23. Bxf5 Rxf5 24. Qxf5 Bd7 25. Qf6 Qxh2 26. Red6 Qe2 27. R1d2 Qe3 28. Qf7 ({Günstiger ist} 28. b3 $16) 28... Nb8 29. R6d3 ({Resist} 29. Qxh7 $6 Qxf3 30. R6d4 Qf1+ 31. Kc2 Qf6 $16) (29. b3 $18 {has better winning chances.}) 29... Qh6 30. f4 Rf8 31. Qc4+ Qc6 32. Qb4 Re8 33. f5 Qa4 34. Qxa4 Bxa4 35. Rh2 Re1+ 36. Kd2 Rd1+ 37. Ke3 Re1+ 38. Kf4 Re7 39. Rdh3 Bc6 40. Rxh7 $18 Re4+ 41. Kg5 Nd7 42. Rg7 Re8 43. Rh6 Nc5 44. Kh4 Ne4 45. Rgh7 Kd8 46. Rh8 Bd5 47. Rxe8+ Kxe8 48. g5 Kf7 49. Rh7+ Kg8 50. Rd7 Bc6 51. Rd8+ Kg7 52. Kg4 Nf2+ 53. Kg3 Ne4+ 54. Kf4 Nf2 55. Rc8 Nd3+ 56. Ke3 Ne5 57. Rc7+ Kf8 58. b3 Nf7 59. Kf4 Nd6 60. g6 Ne8 61. Rf7+ Kg8 62. Ke5 1-0

[Event "SVK Extraliga 2017-18"]
[Site "Slovakia"]
[Date "2017.12.09"]
[Round "5"]
[White "Federic, Jozef"]
[Black "Lisko, Frantisek"]
[Result "0-1"]
[ECO "A46"]
[WhiteElo "2238"]
[BlackElo "2241"]
[Annotator "NA"]
[PlyCount "128"]
[EventDate "2017.??.??"]
[EventType "team-tourn"]
[EventCountry "SVK"]
[SourceTitle "playchess.com"]
[Source "ChessBase"]
[SourceQuality "1"]
[TimeControl "40/5400+30:1800+30"]

1. d4 Nf6 2. Nf3 e6 3. Bf4 c5 4. c3 Nc6 5. e3 Nh5 6. Bg5 {[%emt 0:04:24] LiveBook: 29 Games} Qb6 7. Qb3 h6 8. Bh4 g5 9. Bg3 Nxg3 10. hxg3 Bg7 11. Na3 d5 12. Be2 Bd7 $11 13. Nd2 O-O-O 14. Qxb6 axb6 15. Nb5 Be8 16. f4 f6 17. Bg4 Kd7 18. Rd1 Ke7 19. Bh5 Bd7 20. Be2 Ra8 21. Ra1 Rhc8 22. Na3 Nd8 23. Bb5 Bc6 24. Bxc6 bxc6 25. dxc5 bxc5 26. Ke2 Rcb8 27. Rhb1 f5 28. Nc2 Nf7 29. Ne1 e5 30. Nd3 Kd6 31. Rd1 e4 32. Ne5 Nxe5 33. fxe5+ Kxe5 34. b3 Ke6 35. Rdc1 Ra3 36. Rc2 Rba8 37. Kd1 Be5 38. g4 f4 39. Ke2 fxe3 40. Kxe3 Bxc3 41. Rh1 Bd4+ 42. Ke2 Rxa2 43. Rxh6+ Kd7 44. Rh7+ Kd6 45. Rh6+ Kc7 46. Kd1 Rxc2 47. Kxc2 Ra2+ 48. Kd1 e3 49. Nf3 Rxg2 50. b4 Kb6 51. bxc5+ Bxc5 52. Re6 Rxg4 53. Ne5 Rg1+ 54. Ke2 Rg2+ 55. Kf3 Rf2+ 56. Kg3 Kb5 57. Nd3 Rf8 58. Kg4 Bb6 59. Kxg5 d4 60. Kg4 c5 61. Ne5 Bc7 62. Nd7 Rd8 63. Nf6 d3 64. Rxe3 d2 0-1

[Event "SVK Extraliga 2017-18"]
[Site "Slovakia"]
[Date "2017.12.09"]
[Round "5"]
[White "Vrbova, Niki"]
[Black "Palecek, Peter"]
[Result "0-1"]
[ECO "B00"]
[WhiteElo "2181"]
[BlackElo "2257"]
[Annotator "NA"]
[PlyCount "88"]
[EventDate "2017.??.??"]
[EventType "team-tourn"]
[EventCountry "SVK"]
[SourceTitle "playchess.com"]
[Source "ChessBase"]
[SourceQuality "1"]
[TimeControl "40/5400+30:1800+30"]

1. e4 e5 2. Nf3 Nc6 3. Bc4 Bc5 4. c3 Nf6 5. d3 d6 6. O-O h6 7. Re1 O-O 8. h3 a5 {[%emt 0:01:36] C54: Giuoco Piano: 4 c3 Nf6, main lines with 5 d4 and 5 d3} 9. Nbd2 {[%emt 0:01:29] LiveBook: 31 Games} Rb8 $146 ({Predecessor:} 9... Be6 10. Bb5 Qb8 11. Nf1 Qa7 12. Be3 Bxe3 13. Nxe3 Ne7 14. a4 Ng6 15. Bc4 Bxc4 16. Nxc4 {½-½ (44) Carlsen,M (2837)-Ding,L (2774) Saint Louis 2017}) 10. a4 Qe7 11. Nf1 Nd8 (11... Be6 $11) 12. Ng3 c6 13. Bb3 Bb6 14. d4 Bc7 (14... Ne6 $16 {was necessary.}) 15. Bc2 Nh7 16. b3 b5 (16... Ne6 $142) 17. axb5 cxb5 18. Nf5 Bxf5 19. exf5 Nf6 20. Nh2 e4 21. Ng4 d5 22. Nxf6+ ({White should try} 22. c4 $1 $14) 22... Qxf6 23. Qg4 (23. c4 $11 {remains equal.}) 23... Nc6 24. Bd2 (24. Be3 $17 {might work better.}) 24... b4 25. f3 $2 (25. Ra4 $17 {ist wohl besser.}) 25... bxc3 26. Bxc3 exf3 27. Qxf3 Bb6 28. Kh1 Bxd4 29. Bxd4 Nxd4 30. Qd3 Rfc8 31. Ra2 Nxc2 32. Rxc2 Rxc2 33. Qxc2 d4 34. Qd3 Rd8 35. Kg1 Rd5 36. Rf1 Rc5 (36... Qe5 $19 37. Rd1 Kh7) 37. Rd1 Rd5 38. Rf1 Kh7 39. Rf4 Qe5 40. Rf3 $19 (40. Rf1) 40... Rc5 41. Qd2 Rc3 42. Rd3 Qc5 43. f6 Rc1+ 44. Kh2 Qc7+ 0-1

[Event "SVK Extraliga 2017-18"]
[Site "Slovakia"]
[Date "2017.12.09"]
[Round "5"]
[White "Najgebauer, Szemjon"]
[Black "Hros, Roman"]
[Result "0-1"]
[ECO "A46"]
[WhiteElo "2180"]
[BlackElo "2194"]
[Annotator "NA"]
[PlyCount "60"]
[EventDate "2017.??.??"]
[EventType "team-tourn"]
[EventCountry "SVK"]
[SourceTitle "playchess.com"]
[Source "ChessBase"]
[SourceQuality "1"]
[TimeControl "40/5400+30:1800+30"]

1. d4 Nf6 2. Nf3 e6 3. c4 c5 4. Nc3 cxd4 5. Nxd4 a6 6. e4 Qc7 7. Be2 b6 8. Be3 Bb7 9. f3 Be7 10. Qd2 d6 11. O-O O-O 12. Rfc1 Nbd7 13. a4 Rac8 14. a5 Rfe8 {[%emt 0:06:03] LiveBook: 3 Games} 15. Bf1 Bd8 16. b4 bxa5 17. Rxa5 Qb8 18. Raa1 Bc7 19. g3 (19. b5 $16 a5 20. Nc6) 19... Ne5 20. Qf2 (20. c5 $16) 20... d5 21. b5 axb5 $11 22. Ndxb5 dxe4 23. Ba7 Nxf3+ 24. Kh1 e3 25. Qxe3 Nxh2+ 26. Kxh2 Ng4+ 27. Kh3 Nxe3 28. Bxb8 Bxb8 29. Na7 Rc5 30. Rab1 Rh5# 0-1

[Event "SVK Extraliga 2017-18"]
[Site "Slovakia"]
[Date "2017.12.09"]
[Round "5"]
[White "Sorkovsky, Miroslav"]
[Black "Petran, Peter"]
[Result "0-1"]
[ECO "B06"]
[WhiteElo "2153"]
[BlackElo "2307"]
[Annotator "NA"]
[PlyCount "60"]
[EventDate "2017.??.??"]
[EventType "team-tourn"]
[EventCountry "SVK"]
[SourceTitle "playchess.com"]
[Source "ChessBase"]
[SourceQuality "1"]
[TimeControl "40/5400+30:1800+30"]

1. e4 g6 2. Nc3 Bg7 3. f4 c6 4. d4 d5 5. e5 Nh6 6. Nf3 O-O 7. Be2 f6 8. O-O Bg4 9. h3 Bxf3 10. Bxf3 e6 {[%emt 0:01:48] B15: Caro-Kann: 3 Nc3: 3...g6 and 3...dxe4 4 Nxe4 Nf6 5 Nxf6+ exf6} 11. g4 $146 ({Predecessor:} 11. Ne2 c5 12. c4 Nc6 13. cxd5 exd5 14. dxc5 fxe5 15. Qxd5+ Kh8 16. fxe5 Nf5 17. Qxd8 Raxd8 18. Bf4 {1-0 (65) Saric,I (2660)-Anton Guijarro,D (2627) Almaty 2016}) 11... fxe5 12. fxe5 c5 13. dxc5 Nc6 14. Ne2 Nf7 15. Bg2 Qe7 16. Be3 Nfxe5 17. Nd4 Nc4 18. Nxc6 bxc6 19. Bd4 Nxb2 20. Qd2 Nc4 21. Qd3 Rxf1+ 22. Rxf1 Rf8 23. Bxg7 Kxg7 24. Qc3+ e5 25. Rxf8 Qxf8 26. Qb4 Qe7 $19 27. Bf1 a5 28. Qb8 Qxc5+ 29. Kh1 Nd6 30. Qc7+ Nf7 0-1

[Event "SVK Extraliga 2017-18"]
[Site "Slovakia"]
[Date "2017.12.09"]
[Round "5"]
[White "Borik, Juraj"]
[Black "Gasa, Patrik"]
[Result "1-0"]
[ECO "A21"]
[WhiteElo "2145"]
[BlackElo "2116"]
[Annotator "NA"]
[PlyCount "129"]
[EventDate "2017.??.??"]
[EventType "team-tourn"]
[EventCountry "SVK"]
[SourceTitle "playchess.com"]
[Source "ChessBase"]
[SourceQuality "1"]
[TimeControl "40/5400+30:1800+30"]

1. c4 e5 2. Nc3 f5 3. g3 Nf6 4. Bg2 Nc6 5. d3 a6 6. e3 Bc5 7. Nge2 d6 8. O-O O-O 9. a3 {[%emt 0:00:46] A25: Englische Eröffnung (Sizilianisch im Anzug)} (9. d4 Ba7 10. a3 Qe8 11. Nd5 Nxd5 12. cxd5 Nd8 13. Qc2 Bb6 14. Bd2 Qh5 15. Rae1 Nf7 16. dxe5 Nxe5 {1-0 (48) Gruskovnjak,T (2279)-Kosmac,B (2202) Slovenia 2017}) 9... Ne7 10. b4 Ba7 11. Bb2 c6 12. Rc1 $146 ({Vorgänger:} 12. Qd2 Ng6 13. e4 Bb8 {0-1 (34) Baranowsky,P (1989)-Moeller,D (1683) Berlin 2011}) 12... Be6 13. Na4 (13. Qc2 $11) 13... Ng6 ({Black should play} 13... b5 $15 14. Nac3 bxc4) 14. c5 d5 15. f4 Qe7 16. Qd2 e4 17. Nd4 exd3 18. Qxd3 Ne4 19. Nf3 Rae8 20. Rfe1 Bb8 21. Nd4 Bc7 22. Bf3 Qf7 23. Bh5 Nf6 $14 24. Bd1 Ne4 25. Nf3 h5 26. Rc2 Bd8 27. Nd4 h4 28. Rg2 h3 29. Rc2 Nh8 30. Qf1 Bf6 31. Qxh3 g5 32. fxg5 Nxg5 33. Qg2 Ng6 34. Rf1 f4 35. Nxe6 Qxe6 36. exf4 Qe3+ 37. Kh1 Bxb2 38. Rxb2 Ne4 39. Bh5 Kg7 40. Qf3 Nf6 41. Bxg6 Kxg6 42. Rb3 Qxf3+ 43. Rbxf3 Rh8 44. f5+ Kg5 45. Nc3 Ng4 46. h4+ Kf6 47. Nd1 Re2 48. Nf2 Ne5 49. Rf4 Kf7 50. Ng4 Nc4 51. a4 Nd2 52. R1f2 Ne4 53. Rg2 Re1+ 54. Kh2 Rb1 55. Ne5+ Kf6 56. Ng6 Rh7 57. g4 Kg7 58. g5 Rh5 59. Ne5 Re1 60. f6+ Kf8 61. Nd7+ Kf7 62. g6+ Ke6 63. f7 Rf1 64. Rxf1 Rxh4+ 65. Kg1 1-0

[Event "SVK Extraliga 2017-18"]
[Site "Slovakia"]
[Date "2017.12.09"]
[Round "5"]
[White "Brestak, Jan"]
[Black "Csonka, Attila Istvan"]
[Result "*"]
[ECO "C07"]
[WhiteElo "2135"]
[BlackElo "2365"]
[Annotator "NA"]
[PlyCount "33"]
[EventDate "2017.??.??"]
[EventType "team-tourn"]
[EventCountry "SVK"]
[SourceTitle "playchess.com"]
[Source "ChessBase"]
[SourceQuality "1"]
[TimeControl "40/5400+30:1800+30"]

1. e4 e6 2. d4 d5 3. Nd2 c5 4. exd5 Qxd5 5. Ngf3 Nf6 6. Bc4 Qd6 7. dxc5 Qxc5 8. Qe2 {[%emt 0:00:13] LiveBook: 6 Games} a6 9. O-O Bd7 10. Nb3 Qc7 11. Bg5 Nc6 (11... h6 $5 12. Bh4 (12. Bxf6 gxf6 13. Rad1 Bg7 $11) 12... Nc6 $14) 12. Bh4 Bd6 13. Rad1 O-O-O 14. Bxa6 e5 15. Bg3 Rhe8 $16 16. Bb5 Bg4 17. Qe3 *

[Event "SVK Extraliga 2017-18"]
[Site "Slovakia"]
[Date "2017.12.09"]
[Round "5"]
[White "Brestak, Jan"]
[Black "Csonka, Attila"]
[Result "0-1"]
[ECO "B40"]
[WhiteElo "2135"]
[BlackElo "2365"]
[Annotator "NA"]
[PlyCount "110"]
[EventDate "2017.??.??"]
[EventType "team-tourn"]
[EventCountry "SVK"]
[TimeControl "40/5400+30:1800+30"]

1. e4 c5 2. Nf3 e6 3. b3 b6 4. Nc3 Bb7 5. Bb2 Nc6 6. Qe2 Nd4 7. Qd3 Nxf3+ 8. Qxf3 Ne7 9. Qg3 Nc6 10. Nb5 d6 11. a4 a6 12. Na3 Nd4 13. Bd3 h5 14. h4 e5 15. Nc4 Rh6 $16 16. Qg5 Qc7 17. Rh2 Ne6 18. Qe3 Be7 19. g3 b5 20. Na3 c4 21. Be2 Nd4 22. Bd1 Qc6 23. f3 d5 24. d3 c3 25. Bc1 O-O-O 26. Qf2 Bc5 27. Be3 Rf6 28. axb5 axb5 29. Qg2 Qa6 30. b4 Bxb4 31. Bxd4 exd4 32. e5 Rh6 33. f4 Bxa3 34. g4 b4 35. g5 Rhh8 36. f5 Qc6 37. Qg3 Rde8 38. Kf1 Qc7 39. Re2 f6 40. gxf6 gxf6 41. Qg6 fxe5 42. f6 Qh7 43. Qg3 Rhg8 44. Qf3 Qg6 45. Rf2 e4 46. Qh3+ Kd8 47. Qh2 Re6 48. f7 Rf8 49. Qb8+ Bc8 50. Qa7 Bd7 51. Qa5+ Ke7 52. Qc5+ Rd6 53. dxe4 Bh3+ 54. Ke1 Qg1+ 55. Ke2 Bg4+ 0-1